 Dungeon Crawl Stone Soup version 0.32-a0-871-ge202e49faa (webtiles) character file.

Game seed: 7539274636340902529

127 KennySheep the Sneak (level 5, -1/44 HPs)
             Began as a Naga Alchemist on Mar 30, 2024.
             Was a Follower of Ashenzari.
             Slain by an orc
             ... wielding a +0 club
              (3 damage)
             ... on level 3 of the Dungeon.
             The game lasted 00:07:06 (2218 turns).

KennySheep the Sneak (Naga Alchemist)               Turns: 2218, Time: 00:07:07

Health: -1/44      AC:  2    Str: 10    XL:     5   Next: 11%
Magic:  0/8        EV:  9    Int: 18    God:    Ashenzari [*.....]
Gold:   110        SH:  0    Dex: 11    Spells: 7/8 levels left

rFire   . . .        f - +0 dagger of Ashenzari's Visionary {Fort, Cun} (curse)
rCold   . . .        (no shield)
rNeg    . . .        a - +0 robe of the Fated Apathy {Range, Comp} (curse)
rPois   +            (no helmet)
rElec   .            (no cloak)
rCorr   .            (no gloves)
SInv    +            (no barding)
Will    .....        (no amulet)
Stlth   +++          (no ring)
HPRegen 0.27/turn    (no ring)
MPRegen 0.11/turn

%: no passive effects
@: very slow
A: AC +1, large, see invisible, deformed body, poison resistance, slowness 2,
spit poison 1, naga tail 1
a: Spit Poison, Renounce Religion, Shatter the Chains


You were on level 3 of the Dungeon.
You worshipped Ashenzari.
Ashenzari was aware of your devotion.
You visited 1 branch of the dungeon, and saw 3 of its levels.

You collected 110 gold pieces.

Inventory:

Hand Weapons
 f - the cursed +0 dagger of Ashenzari's Visionary (weapon) {Fort, Cun}
   (You found it on level 1 of the Dungeon)

   It has a curse which improves the following skills: Fortitude: Armour and
   Shields.
   Cunning:   Dodging and Stealth.
Armour
 a - the cursed +0 robe of the Fated Apathy (worn) {Range, Comp}

   It has a curse which improves the following skills: Ranged Combat: Ranged
   Weapons and Throwing.
   Companions: Summonings and Necromancy.
Jewellery
 i - a ring of flight
Talismans
 j - a flux talisman
Wands
 g - a wand of flame (16)
Scrolls
 c - a scroll of fog
 e - 2 scrolls of fear
 h - a scroll of immolation
 k - a scroll of brand weapon
 l - a scroll of enchant weapon
Potions
 b - a potion of magic
 d - a potion of enlightenment


   Skills:
 + Level 1.1 Fighting
 - Level 1.5(2.1) Dodging
 + Level 4.5(5.3) Stealth
 * Level 1.7 Unarmed Combat
 - Level 2.4 Spellcasting
 - Level 1.8 Conjurations
 - Level 4.2 Alchemy
 + Level 1.0 Shapeshifting


You had 7 spell levels left.
You knew the following spells:

 Your Spells              Type           Power      Damage    Failure   Level
a - Sting                 Conj/Alch      52%        1d6       4%          1

Your spell library contained the following spells:

 Spells                   Type           Power      Damage    Failure   Level
 Mercury Vapours          Alch/Air       18%        N/A       11%         2
 Mephitic Cloud           Conj/Alch/Air  9%         N/A       22%         3
 Olgreb's Toxic Radiance  Alch           17%        N/A       30%         4
 Teleport Other           Tloc           2%         N/A       45%         3
 Sticky Flame             Fire/Alch      9%         2d5       58%         4
 Dispersal                Tloc           1%         N/A       100%        6
 Gell's Gavotte           Tloc           1%         2d(11-17) 100%        6


Dungeon Overview and Level Annotations

Branches:
Dungeon (3/15)

Altars:
Ashenzari


Innate Abilities, Weirdness & Mutations

Your serpentine skin is tough. (AC +1)
You have supernaturally acute eyesight. (SInv)
Armour fits poorly on your strangely shaped body.
Your system is resistant to poisons. (rPois)
You cover ground very slowly.
You can spit poison.
You have a snake-like lower body.


Message History

The orc is severely wounded.
The orc hits you but does no damage.
You barely miss the orc.
The orc is severely wounded.
The orc completely misses you.
You hit the orc.
You kill the orc!
You hit the orc but do no damage.
The orc is moderately wounded.
The orc barely misses you.
You barely miss the orc.
The orc is moderately wounded.
The orc hits you with a +0 club.
* * * LOW HITPOINT WARNING * * *
You hit the orc but do no damage.
The orc is moderately wounded.
The orc hits you with a +0 club.
* * * LOW HITPOINT WARNING * * *
Casting: Sting (safe; 4% risk of failure)
Confirm with . or Enter, or press ? or * to list all spells.
Aiming: Sting (safe; 4% risk of failure)
Press: ? - help, Shift-Dir - straight line, f - orc
Aim: an orc, wielding a +0 club and wearing a +0 leather armour (moderately wounded, 71% to hit)
The sting misses the orc.
The orc hits you with a +0 club.
* * * LOW HITPOINT WARNING * * *
You hit the orc.
The orc is heavily wounded.
The orc hits you but does no damage.
You hit the orc but do no damage.
The orc is heavily wounded.
The orc hits you with a +0 club.
* * * LOW HITPOINT WARNING * * *
You hit the orc but do no damage.
The orc is heavily wounded.
The orc hits you with a +0 club.
* * * LOW HITPOINT WARNING * * *
You barely miss the orc.
The orc is heavily wounded.
The orc hits you with a +0 club.
You die...

#.....# .....#
....# ...##
##)).####
##.$.....+
#........#
#o##.###.# #@##.#
#.# #....# #.#
##....###.## #+#
#..........# #.#
#...###.#..# #.#
#...###.#..####.##
#................##
#.#.....##.##......
#.#†###.##.##..###.


You could see an orc.

Vanquished Creatures
  An orc wizard (D:3)
  5 adders
  A dart slug (D:2)
  3 orcs (D:3)
  7 ball pythons
  3 giant cockroaches
  5 goblins
  4 hobgoblins
  4 jackals (D:1)
  6 kobolds
  A quokka (D:1)
  6 bats
  A frilled lizard (D:1)
  4 rats
51 creatures vanquished.

Notes
Turn   | Place    | Note
-------+----------+-------------------------------------------
     0 | D:1      | KennySheep the Naga Alchemist began the quest for the Orb.
     0 | D:1      | Reached XP level 1. HP: 15/15 MP: 3/3
    99 | D:1      | Reached XP level 2. HP: 22/22 MP: 3/5
   411 | D:1      | Found a faded altar of an unknown god.
   463 | D:1      | Prayed at the altar of an unknown god.
   463 | D:1      | Became a worshipper of Ashenzari the Shackled
   671 | D:1      | Reached XP level 3. HP: 13/28 MP: 3/6
  1264 | D:2      | Reached * piety under Ashenzari
  1469 | D:2      | Reached XP level 4. HP: 36/36 MP: 7/7
  2150 | D:3      | Reached skill level 1 in Unarmed Combat
  2193 | D:3      | Reached skill level 1 in Fighting
  2193 | D:3      | Reached skill level 1 in Shapeshifting
  2193 | D:3      | Reached XP level 5. HP: 29/44 MP: 2/8
  2217 | D:3      | HP: 2/44 [orc/+0 club (3)]
  2218 | D:3      | Slain by an orc

Illustrated notes

Levels and vault maps discovered:
D:1:      noname_arrival_rooms_in_the_neighbourhood, layout_basic, serial_bayou,
          serial_bayou_pond_a, serial_bayou_shore_a, serial_bayou_pond_a,
          serial_bayou_pond_e, hellmonk_ecumenical_altar_pennies_from_heaven,
          chequers_mini_garden, solitary_fountain, serial_bayou_lagoon_b
D:2:      layout_loops_corners, chequers_serial_rivers_room_a
D:3:      minmay_roachtagon, layout_loops_corners,
          nicolae_overflow_hallway_of_the_gods, minmay_tree_intersection

Skill      XL: |  1  2  3  4 |
---------------+-------------+-----
Alchemy        | 4 |  4.2
Stealth        | 4 |  4.5
Unarmed Combat | 1 |  1.7
Fighting       | 1 |  1.1
Shapeshifting  | 1 |  1.0
Dodging        | |  1.5
Spellcasting   | |  2.4
Conjurations   | |  1.8

Action                     |  1- 3 |  4- 6 || total
---------------------------+-------+-------++-------
  Melee: Unarmed           |     6 |       ||     6
         Dagger            |    77 |    49 ||   126
   Cast: Sting             |    31 |    10 ||    41
 Invoke: Curse Item        |     2 |       ||     2
   Stab: Sleeping          |     6 |     6 ||    12
 Armour: Robe              |    69 |    36 ||   105
  Dodge: Dodged            |    53 |    17 ||    70

Table legend: (Time is in decaauts)
 A = Elapsed time spent in this place.
 B = Non-inter-level travel time spent in this place.
 C = Inter-level travel time spent in this place.
 D = Time resting spent in this place.
 E = Time spent auto-exploring this place.
 F = Levels seen in this place.
 G = Mean time per level.
                   A        B        C        D        E       F      G
               +--------+--------+--------+--------+--------+-----+--------+
         Total |   2818 |   2775 |     43 |    150 |   2130 |   3 |  939.3 |
       Dungeon |   2818 |   2775 |     43 |    150 |   2130 |   3 |  939.3 |
               +--------+--------+--------+--------+--------+-----+--------+

Top non-repeatable levels by time:
     D:2: 1364 daAuts
     D:1: 1163 daAuts
     D:3: 290 daAuts
